 Dungeon Crawl Stone Soup version 0.22-a0-299-g43f9854 (webtiles) character file.

27 4thArraOfDagon the Chiller (level 2, -2/20 HPs)
             Began as a Draconian Ice Elementalist on Mar 25, 2018.
             Was an Initiate of Nemelex Xobeh.
             Killed by triggering an arrow trap (12 damage)
             ... on level 4 of the Dungeon.
             The game lasted 00:02:36 (507 turns).

4thArraOfDagon the Chiller (DrIE)                    Turns: 507, Time: 00:02:37

Health: -2/20      AC:  5    Str: 10    XL:     2   Next: 93%
Magic:  5/5        EV: 12    Int: 15    God:    Nemelex Xobeh [......]
Gold:   82         SH:  0    Dex: 11    Spells: 4/5 levels left

rFire    . . .     SeeInvis .   (no weapon)
rCold    . . .     Gourm    .   (no shield)
rNeg     . . .     Faith    .   (armour unavailable)
rPois    .         Spirit   .   (helmet restricted)
rElec    .         Reflect  .   (no cloak)
rCorr    .         Harm     .   c - +0 pair of gloves
MR       .....                  (no boots)
Stlth    ++........             (no amulet)
HPRegen  0.06/turn              (no ring)
MPRegen  0.09/turn              (no ring)

@: no status effects
A: unfitting armour, cold-blooded, AC +4
a: Renounce Religion


You were on level 4 of the Dungeon.
You worshipped Nemelex Xobeh.
Nemelex Xobeh was noncommittal.
You were not hungry.

You visited 1 branch of the dungeon, and saw 4 of its levels.

You collected 82 gold pieces.

Inventory:

Armour
 c - a +0 pair of gloves (worn)
 k - a +2 buckler
Scrolls
 a - a scroll of noise {unknown}
 h - a scroll of random uselessness {unknown}
 i - a scroll of amnesia {unknown}
 j - a scroll of remove curse {unknown}
Potions
 d - a potion of curing {unknown}
 e - a potion of lignification {unknown}
 f - 2 potions of agility {unknown}
Comestibles
 b - 2 rations


   Skills:
 - Level 1.7 Dodging
 - Level 1.7 Stealth
 - Level 2.0 Spellcasting
   Level 1.0 Conjurations
 * Level 4.2 Ice Magic


You had 4 spell levels left.
You knew the following spells:

 Your Spells              Type           Power        Failure   Level  Hunger
a - Freeze                Ice            ##..         4%          1    #......


Dungeon Overview and Level Annotations

Branches:
Dungeon (4/15)
 Temple: D:4-7

Altars:
Kikubaaqudgha
Nemelex Xobeh
Trog

Portals:
Ossuary: D:4


Innate Abilities, Weirdness & Mutations

Your plain brown scales are hard. (AC +4)
You cannot fit into any form of body armour.
You are cold-blooded and may be slowed by cold attacks.


Message History

Unknown command.
Unknown command.
Unknown command.
Unknown command.
Unknown command.
Unknown command.
Unknown command.
You open the door.
A mummy comes into view.
Found a sand-covered staircase.
There is an open door here.
Unknown command.
An arrow shoots out and hits you!
Ouch! That really hurt!
There is an arrow trap here.
Unknown command.
An arrow shoots out and hits you!
Ouch! That really hurt!
You die...
Your body disappears without a glow.

##### #...############
#...o..........###*
#..#####O#####....##
*#...##.^...##......##
#..#.O##@M.##........#
#.###..##∩##.........# #.*
##..###..........#
********#.#####.o#..........<#
,,,,,,,,...>............)..._#
****,,,<...###..............##
**,,,,,,,* ####.##....†...#*
*,,,,,,,,* #.#..........#
*,,,,,,,,* #.############ *


You could see an ogre and a mummy.

Vanquished Creatures
  An adder (D:2)
  A dart slug (D:1)
  3 bats
  A giant cockroach (D:4)
  A goblin (D:1)
  A hobgoblin (D:2)
  A quokka (D:2)
  A ball python (D:1)
  2 frilled lizards (D:1)
  2 kobolds
  3 rats
17 creatures vanquished.

Notes
Turn   | Place    | Note
-------+----------+-------------------------------------------
     0 | D:1      | 4thArraOfDagon the Draconian Ice Elementalist began the quest for the Orb.
     0 | D:1      | Reached XP level 1. HP: 14/14 MP: 3/3
   155 | D:1      | Reached XP level 2. HP: 20/20 MP: 1/5
   215 | D:2      | Reached skill level 4 in Ice Magic
   433 | D:4      | Found a bloodstained altar of Trog.
   460 | D:4      | Found an ancient bone altar of Kikubaaqudgha.
   462 | D:4      | Noticed an ogre
   472 | D:4      | Found a sparkling altar of Nemelex Xobeh.
   475 | D:4      | Became a worshipper of Nemelex Xobeh the Trickster
   504 | D:4      | Found a sand-covered staircase.
   507 | D:4      | Killed by triggering an arrow trap

Vault maps used:
D:1:      grunt_arrival_lava_bath, roderic_filled_cross, dk_noncrumbling_4,
          st_stairs_9, minmay_tiny_reverse_x
D:2:      wad_pebble_path, kennysheep_generic_room_16
D:3:      overflow_temple_1_default, eat_drink_and_be_merry_uskayaw,
          nicolae_overflow_hidden_temple, first_ration,
          hangedman_decor_slide_cut
D:4:      minitemple, overflow_temple_1_default, gup_ossuary_entry_pyramid,
          serial_shops, shop_statue, columned_hall_lemuel, uniq_natasha,
          uniq_grinder

Skill      XL: |  1  2 |
---------------+-------+-----
Ice Magic      | 4 |  4.2
Dodging        | |  1.7
Stealth        | |  1.7
Spellcasting   | |  2.0
Conjurations   | |  1.0

Action                   || total
-------------------------++-------
Melee: Unarmed           ||    12
       Tailslap          ||     1
 Cast: Freeze            ||    22
  Use: Scroll            ||     3
Armor: Skin              ||    11
Dodge: Dodged            ||    24

Table legend:
 A = Spawn XP
 B = Non-spawn XP
 C = Spawn XP percentage of total XP
 D = Spawn monster count
 E = Non-spawn monster count
 F = Spawn count percentage of total count
 G = Total turns spent on level
                    A         B        C        D         E        F      G
               +---------+---------+-------+---------+---------+-------+---------
         Total |       0 |      39 |   0.0 |       0 |      17 |   0.0 |   507
               +---------+---------+-------+---------+---------+-------+---------
           D:1 |       0 |      14 |   0.0 |       0 |       9 |   0.0 |   182
           D:2 |       0 |      22 |   0.0 |       0 |       6 |   0.0 |   187
           D:3 |       0 |       1 |   0.0 |       0 |       1 |   0.0 |    64
           D:4 |       0 |       2 |   0.0 |       0 |       1 |   0.0 |    74
               +---------+---------+-------+---------+---------+-------+---------
